 Dungeon Crawl Stone Soup version 0.30.0-10-gfe55d96785 (webtiles) character file.

Game seed: 7429157324789008016

82 McKennaii the Conjurer (level 4, -2/33 HPs)
             Began as a Demigod Conjurer on May 14, 2023.
             Killed by nerve-wracking pain
             ... invoked by Grinder
              (11 damage)
             ... on level 3 of the Dungeon.
             The game lasted 00:02:02 (2288 turns).

McKennaii the Conjurer (Demigod Conjurer)           Turns: 2288, Time: 00:02:03

Health: -2/33      AC:  4    Str:  8    XL:     4   Next: 1%
Magic:  0/11       EV: 12    Int: 24    God:
Gold:   170        SH:  0    Dex: 12    Spells: 8/9 levels left

rFire   . . .        l - +2 dagger (vamp)
rCold   . . .        (no shield)
rNeg    . . .        a - +0 robe
rPois   .            p - +0 helmet
rElec   .            i - +0 cloak
rCorr   .            (no gloves)
SInv    .            (no boots)
Will    .....        (no amulet)
Stlth   ++           (no ring)
HPRegen 0.25/turn    (no ring)
MPRegen 0.12/turn

%: no passive effects
@: no status effects
A: high MP 1, forlorn, divine attributes
a: no special abilities


You were on level 3 of the Dungeon.
You visited 1 branch of the dungeon, and saw 3 of its levels.

You collected 170 gold pieces.

Inventory:

Hand Weapons
 l - a +2 vampiric dagger (weapon)
Missiles
 k - a throwing net
Armour
 a - a +0 robe (worn)
 i - a +0 cloak (worn)
 p - a +0 helmet (worn)
Jewellery
 c - a ring of ice
Scrolls
 d - a scroll of noise {unknown}
 g - 4 scrolls of identify {unknown}
 h - a scroll of brand weapon {unknown}
 m - a scroll of blinking {unknown}
 n - 3 scrolls of enchant weapon {unknown}
 q - a scroll of magic mapping {unknown}
 r - a scroll of summoning {unknown}
Potions
 b - 2 potions of magic
 e - 2 potions of heal wounds {unknown}
 f - a potion of might {unknown}
 j - a potion of haste {unknown}
 o - 2 potions of flight {unknown}


   Skills:
 - Level 1.7 Dodging
 - Level 1.7 Stealth
 + Level 3.0 Spellcasting
 + Level 4.5 Conjurations


You had 8 spell levels left.
You knew the following spells:

 Your Spells              Type           Power      Damage    Failure   Level
a - Magic Dart            Conj           100%       1d8       1%          1

Your spell library contained the following spells:

 Spells                   Type           Power      Damage    Failure   Level
 Searing Ray              Conj           50%        2d6       2%          2
 Dazzling Flash           Conj/Hex       28%        N/A       13%         3
 Frozen Ramparts          Ice            6%         1d1       32%         3
 Fulminant Prism          Conj/Hex       7%         3d7       38%         4
 Iskenderun's Mystic Bla  Conj/Tloc      14%        2d5       38%         4
 Ice Form                 Ice/Tmut       3%         N/A       71%         4
 Summon Ice Beast         Ice/Summ       3%         N/A       71%         4
 Summon Lightning Spire   Summ/Air       3%         N/A       71%         4
 Storm Form               Tmut/Air       1%         N/A       100%        7
 Maxwell's Capacitive Co  Air            1%         ∞         100%        8


Dungeon Overview and Level Annotations

Branches:
Dungeon (3/15)

Annotations:
D:3 Grinder


Innate Abilities, Weirdness & Mutations

You have an increased reservoir of magic. (+10% MP)
You shall have no god before yourself.
Your divine heritage dramatically boosts your attributes as you level up.


Message History

You resist with significant effort.
Casting: Magic Dart (safe; 1% risk of failure)
Confirm with . or Enter, or press ? or * to list all spells.
Aiming: Magic Dart (safe; 1% risk of failure)
Press: ? - help, Shift-Dir - straight line, f/p - Grinder
Aim: Grinder (severely wounded, 100% to hit)
The magic dart hits Grinder.
Grinder is almost dead.
Grinder gestures at you.
You suddenly lose the ability to move!
Grinder hits you.
You writhe in agony.
* * * LOW HITPOINT WARNING * * *
Grinder gestures at you.
You shrug off the repeated paralysis!
Grinder barely misses you. Grinder gestures at you.
You shrug off the repeated paralysis!
You can move again.
Unknown command.
Unknown command.
Unknown command.
Casting: Magic Dart (safe; 1% risk of failure)
Confirm with . or Enter, or press ? or * to list all spells.
Aiming: Magic Dart (safe; 1% risk of failure)
Press: ? - help, Shift-Dir - straight line, f/p - Grinder
Aim: Grinder (almost dead, 100% to hit)
The magic dart hits Grinder but does no damage.
Grinder is almost dead.
Grinder closely misses you.
Unknown command.
Casting: Magic Dart (safe; 1% risk of failure)
Confirm with . or Enter, or press ? or * to list all spells.
Aiming: Magic Dart (safe; 1% risk of failure)
Press: ? - help, Shift-Dir - straight line, f/p - Grinder
Aim: Grinder (almost dead, 100% to hit)
The magic dart hits Grinder.
Grinder is almost dead.
Grinder gestures at you. Pain shoots through your body!
You die...

.#....'....#
#.#....######
####.#.....###
#....#+###.##.
#....÷...#.##.#####
#....(...#.##.....
#..........# ..?#
#.#.......####5.#
#.#...........@.#
#.#.)......####.#
#.#........(.# ...
#.#........#.# .#.#
###.#........#)# .#.#
..>.#........#.# .. #
########.##..#.#######
.# #....##.#.....#
###.# #######.#.###.#


You could see Grinder.

Vanquished Creatures
  An adder (D:2)
  3 gnolls (D:2)
  A worm (D:3)
  A dart slug (D:1)
  3 ball pythons
  4 endoplasms
  2 giant cockroaches
  5 goblins
  4 hobgoblins (D:1)
  2 quokkas
  6 bats
  4 kobolds
  5 rats
41 creatures vanquished.

Notes
Turn   | Place    | Note
-------+----------+-------------------------------------------
     0 | D:1      | McKennaii the Demigod Conjurer began the quest for the Orb.
     0 | D:1      | Reached XP level 1. HP: 14/14 MP: 5/5
   421 | D:1      | Reached XP level 2. HP: 20/20 MP: 2/7
   738 | D:1      | Reached skill level 4 in Conjurations
  1297 | D:2      | Reached XP level 3. HP: 26/26 MP: 3/9
  2198 | D:3      | Reached XP level 4. HP: 33/33 MP: 9/11
  2268 | D:3      | Noticed Grinder
  2276 | D:3      | Paralysed by Grinder for 3 turns
  2282 | D:3      | Paralysed by Grinder for 5 turns
  2288 | D:3      | Killed from afar by Grinder

Illustrated notes

Levels and vault maps discovered:
D:1:      nicolae_arrival_somewhat_less_tricky_arrival, layout_loops_cross
D:2:      layout_rooms, amcnicky_mini_rare_corridor_liquid,
          chequers_decorated_corner, minmay_misc_feat_plants
D:3:      layout_basic, uniq_grinder

Skill      XL: |  1  2  3 |
---------------+----------+-----
Spellcasting   | 2 3 |  3.0
Conjurations   | 4 |  4.5
Dodging        | |  1.7
Stealth        | |  1.7

Action                     |  1- 3 |  4- 6 || total
---------------------------+-------+-------++-------
  Melee: Unarmed           |     6 |       ||     6
   Cast: Magic Dart        |    97 |    15 ||   112
 Armour: Robe              |     4 |       ||     4
  Dodge: Dodged            |     9 |     4 ||    13
